Map: Central Protocol

Players

ThisGuyFcks

  • Race: Zerg Zerg
  • League: Master

MorN - Winner!

  • Race: Terran Terran
  • League: Diamond

VOD

Have the link to the VOD?

Description

Time

  • Played on: Nov. 17, 2015, 5:10 p.m.
  • Length: 15:51
Show
View Real Time Build Order
Export as new Build Order

ThisGuyFcks Zerg 

Build Orders: Hatch First, Muta Ling Bane 

Get SALT Encoding   

  12  0:00  Drone  
  13  0:09  Drone  
  14  0:16  Overlord  
  14  0:24  Drone, Extractor  
  15  0:34  Drone x2  
  17  0:52  Hatchery  
  17  0:56  Drone  
  17  0:59  Drone  
  18  1:13  Spawning Pool  
  18  1:14  Extractor  
  18  1:17  Drone  
  17  1:20  Drone  
  18  1:29  Drone  
  19  1:39  Drone  
  20  1:48  Overlord  
  20  2:00  Queen  
  22  2:04  Queen  
  24  2:12  Hatchery  
  24  2:14  Drone  
  24  2:18  Drone  
  25  2:23  Drone x2  
  25  2:27  Drone  
  25  2:29  Drone  
  29  2:35  Metabolic Boost  
  29  2:40  Drone  
  29  2:41  Drone  
  31  2:49  Queen  
  33  2:54  Drone x2  
  34  3:10  Extractor  
  29  3:18  Drone x7  
  36  3:25  Queen  
  36  3:27  Drone  
  39  3:30  Drone  
  39  3:34  Drone  
  41  3:36  Drone  
  39  3:51  Drone x3  
  39  3:52  Overlord  
  42  4:06  Overlord x2  
  42  4:13  Zergling x14  
  49  4:17  Zergling x2  
  49  4:19  Overlord  
  49  4:54  Zergling x2  
  49  4:55  Zergling x28  
  64  5:01  Lair  
  64  5:05  Drone x2  
  66  5:08  Overlord  
  66  5:18  Drone x5  
  71  5:42  Drone x3  
  73  5:43  Drone x9  
  81  6:00  Extractor  
  81  6:02  Spire  
  79  6:10  Evolution Chamber, Drone x2  
  78  6:12  Drone  
  78  6:15  Queen  
  78  6:16  Drone  
  82  6:24  Overlord  
  79  6:28  Baneling Nest, Spore Crawler  
  76  6:36  Zerg Ground Armor Level 1  
  76  6:38  Overlord  
  76  6:39  Drone  
  79  6:40  Drone x5  
  79  6:41  Overlord x2  
  79  6:42  Extractor x2  
  79  6:45  Extractor  
  79  6:52  Overlord x2  
  79  7:05  Overlord  
  79  7:07  Drone x3  
  79  7:08  Drone x7  
  89  7:11  Centrifical Hooks  
  89  7:13  Hatchery  
  89  7:14  Mutalisk x2  
  92  7:17  Zerg Flyer Weapons Level 1  
  92  7:19  Pneumatized Carapace  
  92  7:23  Mutalisk x3  
  92  7:27  Drone x4  
  102  7:30  Overlord  
  102  7:39  Overlord  
  102  7:45  Mutalisk x3  
  102  7:48  Evolution Chamber  
  107  7:53  Overseer  
  107  8:00  Mutalisk x2  
  107  8:05  Zergling x14  
  111  8:06  Zergling x10  
  111  8:08  Baneling  
  111  8:09  Baneling x5  
  111  8:11  Baneling  
  122  8:19  Overlord  
  122  8:26  Baneling x5  
  122  8:27  Baneling x4  
  120  8:31  Zergling x2  
  120  8:32  Zergling x22  
  106  8:43  Zergling x6  
  106  8:45  Zergling x2  
  106  8:47  Overseer  
  109  8:50  Baneling x2  
  109  8:51  Baneling x5  
  109  8:52  Baneling  
  109  8:54  Overlord, Baneling x3  
  109  8:56  Zergling x2  
  109  8:57  Zergling x20  
  109  9:00  Baneling  
  120  9:04  Overlord  
  120  9:06  Baneling x2  
  120  9:07  Baneling  
  100  9:30  Mutalisk x6  
  112  9:35  Zergling x2  
  112  9:36  Zergling x20  
  121  9:43  Baneling x8  
  121  9:53  Overlord  
  121  9:57  Zergling x12  
  121  9:59  Hatchery  
  123  10:08  Overlord  
  119  10:14  Mutalisk x5  
  129  10:21  Overlord  
  129  10:23  Queen  
  129  10:25  Mutalisk x2  
  135  10:33  Zergling x2  
  135  10:34  Zergling x16  
  127  11:16  Mutalisk x6  
  132  11:44  Drone x5  
  132  11:45  Drone x7, Mutalisk  
  132  11:46  Mutalisk x4  
  153  11:48  Zerg Flyer Weapons Level 2  
  153  11:50  Overlord  
  153  11:57  Overlord  
  153  12:11  Baneling  
  153  12:12  Baneling x16  
  153  12:13  Zergling x2  
  153  12:14  Zergling x20  
  121  12:39  Zergling x28  
  121  12:40  Zergling x4  
  137  12:44  Zerg Ground Armor Level 2  
  137  12:49  Baneling x11  
  137  12:52  Overlord  
  137  12:54  Extractor  
  137  12:55  Extractor  
  135  13:05  Overlord  
  135  13:06  Zergling x2, Extractor  
  135  13:07  Zergling x14  
  135  13:08  Baneling x8  
  135  13:12  Baneling x3  
  142  13:13  Overlord, Baneling x2  
  142  13:14  Queen  
  103  13:34  Mutalisk x2  
  103  13:35  Mutalisk  
  107  13:47  Hatchery  
  103  13:54  Overlord  
  104  13:55  Zergling x2  
  104  13:56  Queen, Zergling x30  
  104  14:01  Mutalisk  
  104  14:02  Mutalisk x3  
  129  14:07  Overlord  
  129  14:11  Overlord  
  129  14:21  Overlord  
  129  14:25  Zergling x10  
  129  14:27  Baneling x15  
  129  14:28  Baneling x4  
  134  14:43  Zergling x2  
  134  14:44  Zergling x16  
  112  15:07  Zergling x2  
  112  15:08  Zergling x26  
  121  15:18  Overlord, Mutalisk  
  121  15:19  Mutalisk x5  
  133  15:28  Overlord  
  133  15:33  Baneling x7  
Show
View Real Time Build Order
Export as new Build Order

MorN Terran - Winner!

Build Orders: Liberator Opening, Reaper Expand, Bio Mine 

Get SALT Encoding   

  12  0:00  SCV  
  13  0:13  SCV  
  14  0:18  Supply Depot  
  14  0:25  SCV  
  15  0:39  SCV  
  16  0:42  Barracks  
  16  0:46  Refinery  
  16  0:51  SCV  
  17  1:03  SCV  
  18  1:15  SCV  
  19  1:30  Reaper, Orbital Command  
  20  1:41  Command Center  
  20  1:51  Supply Depot  
  20  1:57  SCV  
  21  2:02  Reaper  
  22  2:12  SCV  
  23  2:24  Factory  
  23  2:25  SCV  
  24  2:33  Command Center  
  24  2:44  SCV  
  24  2:45  Barracks Reactor  
  24  2:47  Refinery  
  25  2:56  SCV  
  26  3:20  Starport  
  26  3:25  SCV, Orbital Command  
  27  3:37  SCV  
  27  3:39  Barracks Tech Lab  
  28  3:42  Liberator  
  28  3:49  SCV  
  28  3:50  Orbital Command  
  28  3:53  Hellion x2  
  28  3:55  SCV  
  34  4:01  SCV  
  38  4:07  SCV  
  38  4:08  Marine  
  40  4:10  Supply Depot  
  40  4:13  SCV, Stimpack  
  41  4:18  Hellion x2  
  45  4:26  Marine  
  46  4:44  Hellion x2  
  47  4:53  SCV x2  
  47  4:55  Supply Depot  
  47  4:57  Marine  
  47  4:58  Starport Reactor  
  53  5:07  SCV  
  53  5:12  Barracks  
  50  5:15  SCV x2, Engineering Bay, Barracks  
  50  5:16  Engineering Bay  
  50  5:19  SCV  
  50  5:20  Bunker, Factory Reactor  
  53  5:28  SCV  
  54  5:30  Supply Depot  
  54  5:32  Supply Depot  
  54  5:35  SCV  
  55  5:36  SCV, Barracks  
  55  5:37  Barracks  
  55  5:40  SCV  
  47  5:45  Medivac x2  
  47  5:49  Marine  
  52  6:01  Marine x2  
  52  6:03  Barracks Reactor, Hellion x2  
  58  6:06  Terran Infantry Weapons Level 1, Terran Infantry Armor Level 1  
  58  6:07  Refinery  
  58  6:08  Refinery  
  58  6:09  Marine  
  59  6:14  SCV x2  
  59  6:15  SCV  
  62  6:19  Marine x2  
  62  6:20  Combat Shields  
  62  6:23  Supply Depot  
  62  6:24  Supply Depot  
  64  6:27  Marine  
  64  6:28  Barracks Reactor  
  64  6:31  SCV  
  64  6:32  SCV  
  67  6:34  Marine  
  67  6:36  Marine x2  
  70  6:41  Marine  
  70  6:42  Hellion x2, Marine  
  70  6:45  Marine  
  77  6:49  SCV  
  77  6:52  Marine  
  79  6:54  Marine x2  
  79  6:55  SCV  
  79  6:57  Supply Depot x2  
  79  6:59  Marine x2  
  84  7:03  Marine, Orbital Command  
  84  7:05  Marine x2  
  87  7:10  Marine  
  87  7:12  Marine x2  
  90  7:16  SCV  
  90  7:17  Marine x2  
  90  7:19  Hellion x2  
  90  7:21  Marine  
  90  7:22  Supply Depot x3  
  98  7:23  Marine x2  
  98  7:26  Missile Turret  
  98  7:27  Missile Turret  
  98  7:28  Marine  
  101  7:30  Missile Turret, Marine x2  
  101  7:35  Marine x2  
  105  7:41  SCV x2  
  108  7:45  SCV  
  108  7:48  Marine x4  
  108  7:49  Marine  
  111  7:53  SCV x2, Widow Mine  
  111  7:54  Widow Mine  
  111  7:57  Medivac x2  
  120  7:59  Marine x2  
  120  8:00  Missile Turret  
  120  8:03  Supply Depot  
  120  8:04  SCV  
  123  8:05  Armory, SCV  
  123  8:08  SCV  
  123  8:11  Marine x2  
  127  8:14  Bunker  
  127  8:16  SCV  
  128  8:20  Marine x2  
  128  8:22  SCV x2  
  128  8:25  Marine  
  115  8:41  Marine x4  
  115  8:42  Marine  
  115  8:46  Medivac x2  
  123  8:49  Marine x3  
  123  8:52  SCV x2  
  128  8:59  Marine  
  128  9:01  Marine  
  128  9:02  Marine x3  
  133  9:05  Widow Mine x2  
  133  9:07  Marine x2  
  133  9:08  Marauder  
  133  9:09  Factory  
  141  9:16  Medivac x2  
  120  9:21  Marine x3  
  110  9:27  Barracks x3  
  103  9:34  Marine x2  
  103  9:35  Marine x3  
  106  9:38  Marine  
  106  9:41  Marine x2  
  106  9:45  Terran Infantry Weapons Level 2, Terran Infantry Armor Level 2  
  109  9:46  SCV  
  109  9:48  Refinery  
  109  9:50  SCV, Refinery  
  109  9:52  Marine x2  
  113  9:53  Marine  
  113  9:54  Marine x2  
  113  9:56  Marine  
  113  9:59  Medivac x2, Marine  
  119  10:07  Marine  
  119  10:09  SCV, Factory Tech Lab  
  119  10:10  Marine x2  
  119  10:11  Marine  
  121  10:14  Marine  
  121  10:16  Barracks Tech Lab x2  
  121  10:18  Barracks Reactor  
  119  10:23  Marine  
  119  10:24  Widow Mine x2, Marine x2  
  119  10:25  Command Center  
  126  10:29  Medivac x2  
  130  10:38  Marine x3  
  130  10:41  Marine x2  
  130  10:42  Liberator x2  
  130  11:06  Marine x6  
  130  11:07  Marauder x3, Marine  
  136  11:20  Marine x2  
  136  11:21  Widow Mine x2  
  136  11:22  Thor  
  136  11:23  Marine  
  136  11:24  Marine  
  149  11:26  Liberator  
  149  11:28  Marauder  
  149  11:29  Marauder x2  
  149  11:31  Marine x4  
  151  11:33  Liberator  
  151  11:37  Marine  
  151  11:38  Marine x2  
  153  11:40  Drilling Claws  
  153  11:42  SCV  
  153  11:50  Marauder x2, Widow Mine x2  
  153  11:51  SCV x2  
  163  11:54  Marine x2  
  163  11:55  Marauder  
  167  12:02  Marine x3  
  167  12:04  Marine  
  167  12:08  Supply Depot  
  171  12:15  Widow Mine  
  171  12:19  Terran Vehicle Weapons Level 1  
  172  12:23  Widow Mine  
  172  12:25  Marauder  
  127  12:37  Marine x3, Medivac x2  
  130  12:48  Barracks Reactor  
  124  12:54  Marine x3  
  124  12:55  Marauder x3, Marine  
  132  13:01  Marine  
  132  13:03  Marine x2  
  132  13:04  Marine  
  136  13:12  Marine  
  137  13:13  Marine  
  137  13:14  Marine x2  
  137  13:17  Marauder x3  
  137  13:19  Marine  
  147  13:21  Marine x2  
  147  13:22  Marine  
  145  13:32  Marine x5  
  124  13:37  Marine x2  
  124  13:38  Marauder x3  
  124  13:39  Marine x2  
  120  13:47  Marine  
  117  13:49  Marine, Medivac  
  117  13:50  Marine  
  117  13:53  Refinery, Marine x2  
  117  13:55  Refinery  
  119  13:58  Marine x3  
  119  13:59  Marauder x2  
  124  14:03  Marine x3  
  124  14:06  Medivac  
  129  14:16  Marine x3  
  132  14:18  Marine x2  
  132  14:19  Marine  
  132  14:21  Marauder x2  
  139  14:24  Orbital Command  
  139  14:27  Marine x2  
  139  14:28  Marauder  
  139  14:29  Marine x2  
  145  14:41  Marine  
  145  14:42  Marauder, Marine x4  
  145  14:43  Marauder  
  154  14:50  Planetary Fortress  
  142  15:07  Marine x2  
  142  15:08  Marauder, Marine x3  
  149  15:19  Marine x2  
  149  15:20  Marauder  
  153  15:28  Missile Turret  
  153  15:30  Marine x2  
Tags
 
Add a new tag
Caveats
  • Supply blocks, unpowered buildings, or Contaminate may cause inaccurate times.
  • Supply counts are checked every 10 seconds.